Workbook

Sheet MapaRecursos_€
B2: RECURSOS | C2: QUANTIDADE | D2: REMUNERAÇÃO | E2: ENCARGOS | F2: TOTAL
E3: 0.25 | F3: MENSAL | G3: SEMESTRAL
B4: GESTORES DO PROJETO | C4: 3 | D4: 3500 | E4: =D4*E$3 -> 875 | F4: =(D4+E4)*C4 -> 13125 | G4: =F4*6 -> 78750
B5: CONSULTORES SÉNIORES | C5: 5 | D5: 2400 | E5: =D5*E$3 -> 600 | F5: =(D5+E5)*C5 -> 15000 | G5: =F5*6 -> 90000
B6: CONSULTORES ANALISTAS | C6: 8 | D6: 1500 | E6: =D6*E$3 -> 375 | F6: =(D6+E6)*C6 -> 15000 | G6: =F6*6 -> 90000
B7: ASSISTENTES | C7: 2 | D7: 950 | E7: =D7*E$3 -> 237.5 | F7: =(D7+E7)*C7 -> 2375 | G7: =F7*6 -> 14250
B8: TOTAL REMUNERAÇÕES | F8: =SUM(F4:F7) -> 45500 | G8: =F8*6 -> 273000
B9: GASTOS GERAIS | D9: 3500 | F9: =D9 -> 3500 | G9: =F9*6 -> 21000
B10: TOTAL GASTOS GERAIS | F10: =F9 -> 3500 | G10: =G9 -> 21000
B11: TOTAL | F11: =F10+F8 -> 49000 | G11: =G10+G8 -> 294000

Sheet MapaRecursosAtividades_Horas
B2: RECURSOS | C2: Atividades (horas por atividade)
C3: A1 | D3: A2 | E3: A3 | F3: A4 | G3: A5 | H3: TOTAL
B4: 3 Gestores de projectos | C4: 1100 | D4: 680 | E4: 375 | F4: 845 | G4: 0 | H4: =SUM(C4:G4) -> 3000
B5: 5 Consultores seniores | C5: 1680 | D5: 910 | E5: 1210 | F5: 1200 | G5: 0 | H5: =SUM(C5:G5) -> 5000
B6: 8 Consultores analistas | C6: 800 | D6: 3600 | E6: 1200 | F6: 1400 | G6: 1000 | H6: =SUM(C6:G6) -> 8000
B7: 2 Assistentes | C7: 200 | D7: 300 | E7: 300 | F7: 0 | G7: 1200 | H7: =SUM(C7:G7) -> 2000
B8: TOTAL | C8: =SUM(C4:C7) -> 3780 | D8: =SUM(D4:D7) -> 5490 | E8: =SUM(E4:E7) -> 3085 | F8: =SUM(F4:F7) -> 3445 | G8: =SUM(G4:G7) -> 2200 | H8: =SUM(H4:H7) -> 18000
B10: Gastos Gerais % por atividade | C10: =C8/$H$8 -> 0.21 | D10: =D8/$H$8 -> 0.305 | E10: =E8/$H$8 -> 0.17138889 | F10: =F8/$H$8 -> 0.19138889 | G10: =G8/$H$8 -> 0.12222222 | H10: =SUM(C10:G10) -> 1
B11: Gastos Gerais | C11: =C10*MapaRecursos_€!$G$10 -> 4410 | D11: =D10*MapaRecursos_€!$G$10 -> 6405 | E11: =E10*MapaRecursos_€!$G$10 -> 3599.1667 | F11: =F10*MapaRecursos_€!$G$10 -> 4019.1667 | G11: =G10*MapaRecursos_€!$G$10 -> 2566.6667 | H11: =SUM(C11:G11) -> 21000

Sheet MapaAtividades_Propostas
B2: ATIVIDADES | C2: ATIVIDADES
C3: P1 | D3: P2 | E3: P3 | F3: Driver de atividade | G3: TOTAL
B4: A1 - elaboração de propostas (ganhas) | C4: 2 | D4: 2 | E4: 2 | F4: # de propostas | G4: =SUM(C4:E4) -> 6
B5: A1 - elaboração de propostas (não ganhas) | F5: # de propostas | G5: 14
B6: A2 - levantamento de informação | C6: 10 | D6: 6 | E6: 24 | F6: # de levantamentos | G6: =SUM(C6:E6) -> 40
B7: A3 - elaboração das peças da arquitetura | C7: 8 | D7: 12 | E7: 10 | F7: # de relatórios | G7: =SUM(C7:E7) -> 30
B8: A4 - acompanhamento de implementação | C8: 24 | D8: 16 | E8: 60 | F8: # de reuniões | G8: =SUM(C8:E8) -> 100
B9: A5 - atividades de suporte | C9: 40 | D9: 70 | E9: 90 | F9: # de processamentos | G9: =SUM(C9:E9) -> 200
C12: C1 | D12: C2 | E12: C3
B13: Propostas não ganhas | C13: 2 | D13: 5 | E13: 7
B14: Propostas ganhas | C14: =C4+E4 -> 4 | D14: =D4 -> 2 | E14: 0
B15: TOTAL | C15: =SUM(C13:C14) -> 6 | D15: =SUM(D13:D14) -> 7 | E15: =SUM(E13:E14) -> 7

Sheet MapaVendas
B2: Mapa de Vendas
B4: CLIENTE | C4: PROJETO
C5: P1 | D5: P2 | E5: P3 | F5: TOTAL
B6: C1 | C6: 71000 | E6: 187500 | F6: =SUM(C6:E6) -> 258500
B7: C2 | D7: 68700 | F7: =SUM(C7:E7) -> 68700
E8: Vendas | F8: =SUM(F6:F7) -> 327200

Sheet Q.1
B2: Gastos por Atividade
B4: RECURSOS | C4: Atividades (horas por atividade) | H4: TOTAL
C5: A1 | D5: A2 | E5: A3 | F5: A4 | G5: A5
B6: 3 Gestores de projectos | C6: =MapaRecursosAtividades_Horas!C4*MapaRecursos_€!G4/MapaRecursosAtividades_Horas!H4 -> 28875 | D6: =MapaRecursosAtividades_Horas!D4*MapaRecursos_€!G4/MapaRecursosAtividades_Horas!H4 -> 17850 | E6: =MapaRecursosAtividades_Horas!E4*MapaRecursos_€!G4/MapaRecursosAtividades_Horas!H4 -> 9843.75 | F6: =MapaRecursosAtividades_Horas!F4*MapaRecursos_€!G4/MapaRecursosAtividades_Horas!H4 -> 22181.25 | G6: =MapaRecursosAtividades_Horas!G4*MapaRecursos_€!G4/MapaRecursosAtividades_Horas!H4 -> 0 | H6: =SUM(C6:G6) -> 78750
B7: 5 Consultores seniores | C7: =MapaRecursosAtividades_Horas!C5*MapaRecursos_€!G5/MapaRecursosAtividades_Horas!H5 -> 30240 | D7: =MapaRecursosAtividades_Horas!D5*MapaRecursos_€!G5/MapaRecursosAtividades_Horas!H5 -> 16380 | E7: =MapaRecursosAtividades_Horas!E5*MapaRecursos_€!G5/MapaRecursosAtividades_Horas!H5 -> 21780 | F7: =MapaRecursosAtividades_Horas!F5*MapaRecursos_€!G5/MapaRecursosAtividades_Horas!H5 -> 21600 | G7: =MapaRecursosAtividades_Horas!G5*MapaRecursos_€!G5/MapaRecursosAtividades_Horas!H5 -> 0 | H7: =SUM(C7:G7) -> 90000
B8: 8 Consultores analistas | C8: =MapaRecursosAtividades_Horas!C6*MapaRecursos_€!G6/MapaRecursosAtividades_Horas!H6 -> 9000 | D8: =MapaRecursosAtividades_Horas!D6*MapaRecursos_€!G6/MapaRecursosAtividades_Horas!H6 -> 40500 | E8: =MapaRecursosAtividades_Horas!E6*MapaRecursos_€!G6/MapaRecursosAtividades_Horas!H6 -> 13500 | F8: =MapaRecursosAtividades_Horas!F6*MapaRecursos_€!G6/MapaRecursosAtividades_Horas!H6 -> 15750 | G8: =MapaRecursosAtividades_Horas!G6*MapaRecursos_€!G6/MapaRecursosAtividades_Horas!H6 -> 11250 | H8: =SUM(C8:G8) -> 90000
B9: 2 Assistentes | C9: =MapaRecursosAtividades_Horas!C7*MapaRecursos_€!G7/MapaRecursosAtividades_Horas!H7 -> 1425 | D9: =MapaRecursosAtividades_Horas!D7*MapaRecursos_€!G7/MapaRecursosAtividades_Horas!H7 -> 2137.5 | E9: =MapaRecursosAtividades_Horas!E7*MapaRecursos_€!G7/MapaRecursosAtividades_Horas!H7 -> 2137.5 | F9: =MapaRecursosAtividades_Horas!F7*MapaRecursos_€!G7/MapaRecursosAtividades_Horas!H7 -> 0 | G9: =MapaRecursosAtividades_Horas!G7*MapaRecursos_€!G7/MapaRecursosAtividades_Horas!H7 -> 8550 | H9: =SUM(C9:G9) -> 14250
B10: TOTAL | C10: =SUM(C6:C9) -> 69540 | D10: =SUM(D6:D9) -> 76867.5 | E10: =SUM(E6:E9) -> 47261.25 | F10: =SUM(F6:F9) -> 59531.25 | G10: =SUM(G6:G9) -> 19800 | H10: =SUM(H6:H9) -> 273000
B11: OCORRÊNCIAS | C11: =MapaAtividades_Propostas!G5+MapaAtividades_Propostas!G4 -> 20 | D11: =MapaAtividades_Propostas!G6 -> 40 | E11: =MapaAtividades_Propostas!G7 -> 30 | F11: =MapaAtividades_Propostas!G8 -> 100 | G11: =MapaAtividades_Propostas!G9 -> 200
B12: CUSTO MEDIO UNITÁRIO | C12: =C10/C11 -> 3477 | D12: =D10/D11 -> 1921.6875 | E12: =E10/E11 -> 1575.375 | F12: =F10/F11 -> 595.3125 | G12: =G10/G11 -> 99

Sheet Q.2.
B2: Margem de Contribuição por Projeto
C4: P1 | D4: P2 | E4: P3 | F4: Gastos Não Incorporados* | G4: TOTAL
B5: 1. Vendas | C5: =MapaVendas!C6 -> 71000 | D5: =MapaVendas!D7 -> 68700 | E5: =MapaVendas!E6 -> 187500 | G5: =SUM(C5:F5) -> 327200
B6: 2. Custos de Atividades
B7: A1 - elaboração de propostas | C7: =Q.1!C12*MapaAtividades_Propostas!C4 -> 6954 | D7: =Q.1!C12*MapaAtividades_Propostas!D4 -> 6954 | E7: =Q.1!C12*MapaAtividades_Propostas!E4 -> 6954 | F7: =MapaAtividades_Propostas!G5*Q.1!C12+MapaRecursosAtividades_Horas!C11 -> 53088 | G7: =SUM(C7:F7) -> 73950
B8: A2 - levantamento de informação | C8: =MapaAtividades_Propostas!C6*Q.1!D12 -> 19216.875 | D8: =MapaAtividades_Propostas!D6*Q.1!D12 -> 11530.125 | E8: =MapaAtividades_Propostas!E6*Q.1!D12 -> 46120.5 | F8: =MapaRecursosAtividades_Horas!D11 -> 6405 | G8: =SUM(C8:F8) -> 83272.5
B9: A3 - elaboração das peças da arquitetura | C9: =MapaAtividades_Propostas!C7*Q.1!E12 -> 12603 | D9: =MapaAtividades_Propostas!D7*Q.1!E12 -> 18904.5 | E9: =MapaAtividades_Propostas!E7*Q.1!E12 -> 15753.75 | F9: =MapaRecursosAtividades_Horas!E11 -> 3599.1667 | G9: =SUM(C9:F9) -> 50860.417
B10: A4 - acompanhamento de implementação | C10: =MapaAtividades_Propostas!C8*Q.1!F12 -> 14287.5 | D10: =MapaAtividades_Propostas!D8*Q.1!F12 -> 9525 | E10: =MapaAtividades_Propostas!E8*Q.1!F12 -> 35718.75 | F10: =MapaRecursosAtividades_Horas!F11 -> 4019.1667 | G10: =SUM(C10:F10) -> 63550.417
B11: A5 - atividades de suporte | C11: =MapaAtividades_Propostas!C9*Q.1!G12 -> 3960 | D11: =MapaAtividades_Propostas!D9*Q.1!G12 -> 6930 | E11: =MapaAtividades_Propostas!E9*Q.1!G12 -> 8910 | F11: =MapaRecursosAtividades_Horas!G11 -> 2566.6667 | G11: =SUM(C11:F11) -> 22366.667
B12: TOTAL | C12: =SUM(C7:C11) -> 57021.375 | D12: =SUM(D7:D11) -> 53843.625 | E12: =SUM(E7:E11) -> 113457 | F12: =SUM(F7:F11) -> 69678 | G12: =SUM(G7:G11) -> 294000
B13: 3. Resultado [1-2] | C13: =C5-C12 -> 13978.625 | D13: =D5-D12 -> 14856.375 | E13: =E5-E12 -> 74043 | F13: =F5-F12 -> -69678 | G13: =G5-G12 -> 33200
B14: MARGEM DE CONTRIBUIÇÃO (%) | C14: =C13/C5 -> 0.19688204 | D14: =D13/D5 -> 0.21625 | E14: =E13/E5 -> 0.394896 | F14: =F13/G5 -> -0.21295232 | G14: =G13/G5 -> 0.10146699
A16: * | B16: Propostas não ganhas + gastos gerais

Sheet Q.3.
B2: Margem de Contribuição Por Cliente (Incluindo propostas não ganhas)
C4: C1 | D4: C2 | E4: C3 | F4: Gastos Não Incorporados* | G4: Total
B5: 1. Vendas | C5: =MapaVendas!F6 -> 258500 | D5: =MapaVendas!F7 -> 68700 | E5: 0 | G5: =SUM(C5:F5) -> 327200
B6: 2. Custos de Atividades
B7: A1 - elaboração de propostas | C7: =MapaAtividades_Propostas!C15*Q.1!C12 -> 20862 | D7: =MapaAtividades_Propostas!D15*Q.1!C12 -> 24339 | E7: =MapaAtividades_Propostas!E13*Q.1!C12 -> 24339 | F7: =MapaRecursosAtividades_Horas!C11 -> 4410 | G7: =SUM(C7:F7) -> 73950
B8: A2 - levantamento de informação | C8: =Q.2.!C8+Q.2.!E8 -> 65337.375 | D8: =Q.2.!D8 -> 11530.125 | F8: =MapaRecursosAtividades_Horas!D11 -> 6405 | G8: =SUM(C8:F8) -> 83272.5
B9: A3 - elaboração das peças da arquitetura | C9: =Q.2.!C9+Q.2.!E9 -> 28356.75 | D9: =Q.2.!D9 -> 18904.5 | F9: =MapaRecursosAtividades_Horas!E11 -> 3599.1667 | G9: =SUM(C9:F9) -> 50860.417
B10: A4 - acompanhamento de implementação | C10: =Q.2.!C10+Q.2.!E10 -> 50006.25 | D10: =Q.2.!D10 -> 9525 | F10: =MapaRecursosAtividades_Horas!F11 -> 4019.1667 | G10: =SUM(C10:F10) -> 63550.417
B11: A5 - atividades de suporte | C11: =Q.2.!C11+Q.2.!E11 -> 12870 | D11: =Q.2.!D11 -> 6930 | F11: =MapaRecursosAtividades_Horas!G11 -> 2566.6667 | G11: =SUM(C11:F11) -> 22366.667
B12: TOTAL | C12: =SUM(C7:C11) -> 177432.38 | D12: =SUM(D7:D11) -> 71228.625 | E12: =SUM(E7:E11) -> 24339 | F12: =SUM(F7:F11) -> 21000 | G12: =SUM(C12:F12) -> 294000
B13: 3. Resultado € [1-2] | C13: =C5-C12 -> 81067.625 | D13: =D5-D12 -> -2528.625 | E13: =E5-E12 -> -24339 | F13: =F5-F12 -> -21000 | G13: =G5-G12 -> 33200
B14: MARGEM DE CONTRIBUIÇÃO (%) | C14: =C13/C5 -> 0.31360783 | D14: =D13/D5 -> -0.036806769 | E14: =E13/G5 -> -0.074385697 | F14: =F13/G5 -> -0.064180929 | G14: =G13/G5 -> 0.10146699
A16: * | B16: Gastos Gerais
